 Dungeon Crawl Stone Soup version 0.29.1-15-g9cfb28693d (webtiles) character file.

Game seed: 4279236267861575138

76 EarthwalkerPL the Covered (level 4, -4/41 HPs)
             Began as a Minotaur Fighter on Mar 5, 2023.
             Killed from afar by an orc wizard (7 damage)
             ... with a puff of flame
             ... on level 2 of the Dungeon.
             The game lasted 00:02:49 (1415 turns).

EarthwalkerPL the Covered (Minotaur Fighter)        Turns: 1415, Time: 00:02:51

Health: -4/41      AC: 14    Str: 22    XL:     4   Next: 12%
Magic:  3/3        EV:  9    Int:  7    God:
Gold:   109        SH:  4    Dex: 10    Spells: 3/3 levels left

rFire   . . .      SeeInvis .   a - +0 war axe
rCold   . . .      Faith    .   c - +0 buckler
rNeg    . . .      Spirit   .   b - +0 scale mail
rPois   +          Reflect  .   (helmet restricted)
rElec   .          Harm     .   (no cloak)
rCorr   .          Rampage  .   (no gloves)
Will    .....                   q - +2 pair of boots of Altruism {rPois Int+2}
Stlth   ..........              (no amulet)
HPRegen 0.13/turn               e - +4 ring of protection
MPRegen 0.08/turn               (no ring)

@: no status effects
A: horns 2, retaliatory headbutt
a: no special abilities


You were on level 2 of the Dungeon.
You visited 1 branch of the dungeon, and saw 2 of its levels.

You collected 109 gold pieces.

Inventory:

Hand Weapons
 a - a +0 war axe (weapon)
Missiles
 r - 3 poisoned darts (quivered)
Armour
 b - a +0 scale mail (worn)
 c - a +0 buckler (worn)
 q - the +2 pair of boots of Altruism (worn) {rPois Int+2}
   (You found it on level 2 of the Dungeon)

   Int:       It affects your intelligence (+2).
   rPois:     It protects you from poison.
Jewellery
 e - a +4 ring of protection (left hand)
Scrolls
 f - a scroll of noise {unknown}
 j - a scroll of enchant weapon {unknown}
 k - a scroll of identify {unknown}
 m - a scroll of amnesia {unknown}
 n - a scroll of summoning {unknown}
 o - a scroll of blinking {unknown}
 p - a scroll of acquirement {unknown}
Potions
 d - 2 potions of might
 g - a potion of resistance {unknown}
 h - a potion of flight {unknown}
 i - a potion of degeneration {unknown}
 l - a potion of attraction {unknown}


   Skills:
 * Level 4.3 Fighting
 * Level 3.5 Axes
 * Level 4.4 Armour
 + Level 4.1 Shields


You had 3 spell levels left.
You didn't know any spells.
Your spell library was empty.

Dungeon Overview and Level Annotations

Branches:
Dungeon (2/15)

Altars:

Shops:
D:1 *


Innate Abilities, Weirdness & Mutations

You have a pair of horns on your head.
You reflexively headbutt those who attack you in melee.


Message History

The orc priest is almost dead.
You hit the orc but do no damage. You closely miss something.
You hit the hobgoblin.
The orc priest calls upon Beogh to heal the orc.
The orc is healed somewhat.
You block the orc's attack. You block the hobgoblin's attack.
Something hits you but does no damage.
You hit the orc priest but do no damage.
The orc priest is almost dead.
You hit the orc but do no damage. You closely miss something.
You hit the hobgoblin. The orc priest closely misses you.
You furiously retaliate!
You headbutt the orc priest.
You kill the orc priest!
The orc hits you but does no damage. The hobgoblin barely misses you.
You furiously retaliate!
You headbutt the hobgoblin.
You kill the hobgoblin!
Something hits you but does no damage.
Your Shields skill increases to level 4!
You have reached level 4!
You feel agile.
You closely miss the orc. You headbutt the orc, but do no damage.
The orc is lightly wounded.
You miss the kobold. You closely miss something. Something hits you.
* * * LOW HITPOINT WARNING * * *
The orc closely misses you. You block the kobold's attack.
Something hits you but does no damage. The orc hits you but does no damage.
The kobold closely misses you.
You hit the orc.
The orc is severely wounded.
You closely miss the kobold. You closely miss something.
Something hits you but does no damage. The orc hits you with a +0 club.
* * * LOW HITPOINT WARNING * * *
The kobold barely misses you. You furiously retaliate!
You headbutt the kobold.
You kill the kobold!
You slash the orc!
You kill the orc!
You miss something.
You hear some strange, mumbled words.
A puff of flame appears from out of thin air!
The puff of flame hits you!
You die...

# ##.#......##.....#
#...###..#.......# ##.##
#..#.#...#.# ####....#
#..#.......# #....##..
#..#.......# ..######.#
#).#.......#
.....###..##.b#.#...#.#
.......#......#)).....#.
...............{@)......
.....#.......##†........
######.###...#..........
# ##.............
..#...........
#.##........... #.
#...........
............


There were no monsters in sight!

Vanquished Creatures
  An orc priest (D:2)
  4 orcs (D:2)
  6 ball pythons (D:1)
  3 endoplasms (D:2)
  3 giant cockroaches
  7 hobgoblins
  3 jackals (D:1)
  A quokka (D:1)
  3 bats
  3 goblins
  4 kobolds
  2 rats (D:2)
40 creatures vanquished.

Notes
Turn   | Place    | Note
-------+----------+-------------------------------------------
     0 | D:1      | EarthwalkerPL the Minotaur Fighter began the quest for the
                  | Orb.
     0 | D:1      | Reached XP level 1. HP: 19/19 MP: 0/0
   319 | D:1      | Reached XP level 2. HP: 21/27 MP: 1/1
   386 | D:1      | Found a faded altar of an unknown god.
   718 | D:1      | Found Ronlous's General Store.
  1156 | D:2      | Reached XP level 3. HP: 33/33 MP: 2/2
  1263 | D:2      | Identified the +2 pair of boots of Altruism {rPois Int+2}
  1413 | D:2      | Reached XP level 4. HP: 6/41 MP: 3/3
  1415 | D:2      | Killed from afar by an orc wizard

Illustrated notes

Levels and vault maps discovered:
D:1:      minmay_arrival_plants_in_alcoves, layout_loops_corners,
          shapermc_ecumenical_altar_starsandcircs, serial_shops, shop,
          grunt_decor_fettered
D:2:      cheibrodos_pilgrimage, layout_rooms,
          amcnicky_mini_rare_corridor_liquid, minmay_tripent

Skill      XL: |  1  2  3 |
---------------+----------+-----
Fighting       | 4 |  4.3
Armour         | 4 |  4.4
Axes           | 3 |  3.5
Shields        | 4 |  4.1

Action                   |  1- 3 |  4- 6 || total
-------------------------+-------+-------++-------
Melee: War axe           |    75 |     3 ||    78
       Headbutt          |     5 |     1 ||     6
Armor: Scale mail        |    49 |     3 ||    52
Dodge: Dodged            |    47 |     3 ||    50
Block: Buckler           |    29 |     1 ||    30
